 Dungeon Crawl Stone Soup version 0.18.1-6-gd335043 (webtiles) character file.

1346 Moloch the Firebug (level 8, -5/41 HPs)
             Began as an Octopode Fire Elementalist on May 17, 2016.
             Shot with an arrow by a centaur (14 damage)
             ... on level 5 of the Dungeon.
             The game lasted 00:16:01 (6488 turns).

Moloch the Firebug (Octopode Fire Elementalist)     Turns: 6488, Time: 00:16:02

Health: -5/41      AC:  1    Str:  8    XL:     8   Next: 62%
Magic:  5/14       EV: 12    Int: 21    God:
Gold:   226        SH:  0    Dex: 10    Spells: 4 memorised, 4 levels left

rFire  . . .     SeeInvis .     c - -1 dagger (curse)
rCold  . . .     Gourm    .     (no shield)
rNeg   . . .     Faith    .     (helmet restricted)
rPois  .         Spirit   .     y - amulet of dismissal
rElec  .         Dismiss  +     (no ring)
rCorr  .         Reflect  .     (no ring)
SustAt .         Harm     .     (no ring)
MR     .....     Rnd*Rage +     (no ring)
Stlth  +++.......               (no ring)
                                (no ring)
                                (no ring)
                                (no ring)

@: very slightly contaminated, not resistant to hostile enchantments, fairly
stealthy
A: almost no armour, amphibious, 8 rings, constrict 8, camouflage 1, berserk 1,
clever 1, clumsy 1, frail 1, low mp 1, gelatinous body 1
a: no special abilities


You were on level 5 of the Dungeon.
You were hungry.

You visited 1 branch of the dungeon, and saw 5 of its levels.
You also visited: Sewer.

You collected 226 gold pieces.

Inventory:

Hand Weapons
 c - a cursed -1 dagger (weapon)
 l - a +0 hunting sling
Missiles
 h - 34 sling bullets
 j - 190 stones (quivered)
Jewellery
 y - an amulet of dismissal (around mantle)
Scrolls
 g - 3 scrolls of recharging {unknown}
 i - a scroll of random uselessness {unknown}
 n - 3 scrolls of remove curse {unknown}
 p - 2 scrolls of teleportation {unknown}
 q - 2 scrolls of enchant armour {unknown}
 t - 4 scrolls of fog {unknown}
 v - a scroll of enchant weapon {unknown}
 w - 2 scrolls of magic mapping {unknown}
 x - 3 scrolls of noise {unknown}
 C - 2 scrolls of blinking {unknown}
 E - 3 scrolls of fear {unknown}
Potions
 d - 5 potions of curing
 m - 3 potions of heal wounds {unknown}
 o - a potion of mutation
 r - a potion of berserk rage
 s - 4 potions of magic
 u - a potion of lignification {unknown}
 A - a potion of flight {unknown}
 B - 3 potions of might {unknown}
 G - 2 potions of haste {unknown}
Books
 a - a book of Flames

   Spells                             Type                      Level
   a - Flame Tongue                   Conjuration/Fire             1
   b - Throw Flame                    Conjuration/Fire             2
   c - Conjure Flame                  Conjuration/Fire             3
   d - Inner Flame                    Hexes/Fire                   3
   e - Sticky Flame                   Conjuration/Fire             4
   f - Fireball                       Conjuration/Fire             5
 D - a book of Fire

   Spells                             Type                      Level
   a - Ignite Poison                  Fire/Transmutation/Poison    3
   b - Fireball                       Conjuration/Fire             5
   c - Bolt of Fire                   Conjuration/Fire             6
   d - Delayed Fireball               Conjuration/Fire             7
   e - Ring of Flames                 Charms/Fire                  7
Comestibles
 b - a bread ration
 f - a beef jerky
 k - 3 meat rations
 z - 2 fruits
 F - 4 chunks of flesh


   Skills:
 - Level 2.0 Dodging
 - Level 2.6 Stealth
 + Level 5.0 Spellcasting
 * Level 6.5 Conjurations
 * Level 6.6 Fire Magic


You had 4 spell levels left.
You knew the following spells:

 Your Spells              Type           Power        Failure   Level  Hunger
a - Flame Tongue          Conj/Fire      ####.        1%          1    None
b - Sticky Flame          Conj/Fire      ####....     10%         4    ####...
c - Fireball              Conj/Fire      ####......   24%         5    #####..
d - Conjure Flame         Conj/Fire      ####....     2%          3    ##.....


Dungeon Overview and Level Annotations

Branches:
Dungeon (5/15)
 Temple: D:4-7

Altars:
Ru
Sif Muna


Innate Abilities, Weirdness & Mutations

You cannot wear most types of armour.
You are amphibious.
You can wear up to eight rings at the same time.
You can use your tentacles to constrict eight enemies at once.
Your skin changes colour to match your surroundings (Stealth).
Your rubbery body absorbs attacks (AC +1).
You tend to lose your temper in combat.
Your mind is acute. (Int +2)
You are clumsy. (Dex -2)
You are frail (-10% HP).
Your magical capacity is low (-10% MP).


Message History

The arrow hits you!
A giant newt comes into view.
Unknown command.
Unknown command.
Casting: Fireball
Confirm with . or Enter, or press ? or * to list all spells.
You don't have enough magic to cast that spell.
The centaur shoots an arrow.
The arrow hits you.
* * * LOW HITPOINT WARNING * * *
You see here an arrow.
The centaur shoots an arrow.
The arrow hits you.
* * * LOW HITPOINT WARNING * * *
Drink which item? (? for menu, Esc to quit)
You feel better.
The centaur shoots an arrow.
The arrow hits you!
* * * LOW HITPOINT WARNING * * *
The centaur shoots an arrow.
The arrow hits you.
* * * LOW HITPOINT WARNING * * *
Drink which item? (? for menu, Esc to quit)
You feel better.
The centaur shoots an arrow.
The arrow hits you!
You die...

## ... ######### ....
........### ##.....
########...# ####.......
.........#.# #.((.......
########.#.######.##.......
#.#.....@(.....h...>
#.########.####c[... #.#
#.# ...l. #.# #.# #c## #.#
#.# .# #########.# #.# #
........#.# #.# #######<#.#
.# #.#.#######


You could see a centaur and a howler monkey (wandering).

Vanquished Creatures
  Sigmund (D:3)
  A sky beast (D:4)
  An ice beast (D:4)
  An ogre (D:4)
  Blork the orc (D:4)
  2 giant frogs (Sewer)
  2 howler monkeys (D:4)
  A giant frog skeleton (D:4)
  2 orc priests (D:4)
  4 orc wizards
  An iguana (D:4)
  2 worker ants (D:4)
  15 adders
  9 river rats
  A shadow imp (D:3)
  3 oozes
  An adder zombie (D:5)
  An adder skeleton (D:4)
  5 worms
  A dart slug (D:2)
  7 giant geckos
  11 orcs
  16 ball pythons
  7 giant cockroaches
  6 goblins
  5 hobgoblins
  2 jackals (D:2)
  3 quokkas
  9 bats
  7 giant newts
  9 kobolds
  25 rats
162 creatures vanquished.

Notes
Turn   | Place    | Note
--------------------------------------------------------------
     0 | D:1      | Moloch the Octopode Fire Elementalist began the quest for the Orb.
     0 | D:1      | Reached XP level 1. HP: 11/11 MP: 3/3
    85 | D:1      | Reached XP level 2. HP: 16/17 MP: 1/5
   759 | D:1      | Reached XP level 3. HP: 21/21 MP: 4/6
  1247 | D:2      | Reached XP level 4. HP: 15/27 MP: 4/7
  2586 | D:3      | Reached XP level 5. HP: 31/31 MP: 6/9
  3127 | D:3      | Found a deep blue altar of Sif Muna.
  3127 | D:3      | Found a sacrificial altar of Ru.
  3307 | D:3      | Noticed Sigmund
  3314 | D:3      | Learned a level 4 spell: Sticky Flame
  3320 | D:3      | Learned a level 5 spell: Fireball
  3549 | D:4      | Reached XP level 6. HP: 28/36 MP: 1/10
  3589 | D:4      | Noticed Blork the orc
  3876 | D:4      | Killed Blork the orc
  4100 | D:4      | Reached skill level 5 in Fire Magic
  4100 | D:4      | Reached XP level 7. HP: 17/41 MP: 4/12
  4108 | D:4      | Learned a level 3 spell: Conjure Flame
  4647 | D:3      | Killed Sigmund
  4647 | D:3      | Reached skill level 5 in Conjurations
  4919 | D:4      | Reached XP level 8. HP: 38/46 MP: 4/14
  4923 | D:4      | Gained mutation: You tend to lose your temper in combat. [mutagenic meat]
  4924 | D:4      | Gained mutation: Your magical capacity is low (-10% MP). [mutagenic meat]
  4925 | D:4      | Gained mutation: You are clumsy. (Dex -2) [mutagenic meat]
  4926 | D:4      | Gained mutation: You are frail (-10% HP). [mutagenic meat]
  4928 | D:4      | Gained mutation: Your mind is acute. (Int +2) [mutagenic meat]
  5418 | D:5      | Entered Level 5 of the Dungeon
  5624 | D:5      | Found a glowing drain.
  5642 | Sewer    | Entered a sewer
  6364 | Sewer    | Reached skill level 5 in Spellcasting
  6487 | D:5      | HP: 1/41 [centaur/arrow (2)]
  6488 | D:5      | Shot with an arrow by a centaur

Skill      XL: |  1  2  3  4  5  6  7  8 |
---------------+-------------------------+-----
Conjurations   | 2 3 4 5 6 |  6.5
Fire Magic     | 4 5 6 |  6.6
Spellcasting   | 3 4 5 |  5.0
Dodging        | |  2.0
Stealth        | |  2.6

Action                   |  1- 3 |  4- 6 |  7- 9 || total
-------------------------+-------+-------+-------++-------
Melee: Dagger            |    21 |    55 |    49 ||   125
       Constrict         |     3 |    17 |    22 ||    42
       Tentacles         |     1 |     8 |     9 ||    18
 Cast: Flame Tongue      |    35 |   102 |    95 ||   232
       Sticky Flame      |       |     1 |     6 ||     7
       Conjure Flame     |       |       |     2 ||     2
       Fireball          |       |       |     3 ||     3
  Use: Scroll            |       |       |     4 ||     4
       Potion            |       |       |     2 ||     2
 Stab: Sleeping          |       |     3 |       ||     3
  Eat: Chunk             |     1 |    10 |    15 ||    26
Armor: Skin              |     1 |     7 |     2 ||    10
Dodge: Dodged            |    21 |    56 |    38 ||   115
